 Dungeon Crawl Stone Soup version 0.23-a0-393-g6e9e0f2 (webtiles) character file.

1685 Cryolive the Digger (level 9, -2/45 HPs)
             Began as a Gargoyle Earth Elementalist on Oct 30, 2018.
             Engulfed by an ice statue's freezing vapour (15 damage)
             ... on level 7 of the Dungeon.
             The game lasted 00:20:50 (8178 turns).

Cryolive the Digger (Gargoyle Earth Elementalist)   Turns: 8178, Time: 00:20:51

Health: -2/45      AC: 10    Str: 11    XL:     9   Next: 2%
Magic:  17/17      EV: 12    Int: 20    God:
Gold:   340        SH:  0    Dex: 10    Spells: 10/19 levels left

rFire    . . .     SeeInvis +   q - +1 flail
rCold    . . .     Gourm    .   (no shield)
rNeg     + . .     Faith    .   c - +0 robe
rPois    ∞         Spirit   .   j - +2 hat
rElec    +         Reflect  .   (no cloak)
rCorr    .         Harm     .   (no gloves)
MR       .....                  (no boots)
Stlth    ++........             (no amulet)
HPRegen  0.15/turn              u - ring of see invisible
MPRegen  0.15/turn              (no ring)

@: no status effects
A: negative energy resistance 1, electricity resistance, unbreathing,
petrification resistance, rot immunity, AC +6
a: no special abilities


You were on level 7 of the Dungeon.
You were not hungry.

You visited 1 branch of the dungeon, and saw 7 of its levels.
You also visited: Sewer.

You collected 340 gold pieces.

Inventory:

Hand Weapons
 q - a +1 flail (weapon)
 B - a +0 quarterstaff
Missiles
 f - 69 stones (quivered)
Armour
 c - a +0 robe (worn)
 j - a +2 hat (worn)
 m - a +0 shield
Jewellery
 u - a ring of see invisible (left hand)
Wands
 k - a wand of polymorph (9)
 t - a wand of flame (13)
 w - a wand of enslavement (6)
Scrolls
 b - 2 scrolls of amnesia
 e - 5 scrolls of remove curse
 g - a scroll of enchant weapon
 h - 2 scrolls of blinking
 o - 2 scrolls of teleportation {unknown}
 x - a scroll of fog {unknown}
 y - a scroll of identify
 z - a scroll of enchant armour {unknown}
Potions
 a - 2 potions of magic
 i - 3 potions of haste
 l - 2 potions of mutation
 n - 3 potions of might
 p - 2 potions of heal wounds
 r - 3 potions of curing
 s - 2 potions of flight {unknown}
 A - a potion of agility {unknown}
Comestibles
 d - 7 rations
 v - 5 chunks of flesh


   Skills:
 + Level 0.0 Fighting
 + Level 0.0 Armour
 + Level 1.5 Dodging
 - Level 2.1 Stealth
 + Level 4.0 Shields
 + Level 5.5 Spellcasting
 + Level 4.8 Conjurations
   Level 0.7 Transmutations
 + Level 7.9 Earth Magic
 + Level 3.9 Evocations


You had 10 spell levels left.
You knew the following spells:

 Your Spells              Type           Power        Failure   Level  Hunger
a - Sandblast             Erth           #####.       1%          1    None
b - Stone Arrow           Conj/Erth      ####..       2%          3    ##.....
c - Lee's Rapid Deconstr  Erth           #####.....   12%         5    #####..

Your spell library contained the following spells:

 Spells                   Type           Power        Failure   Level  Hunger
 Passwall                 Tmut/Erth      ###.....     2%          2    None
 Petrify                  Tmut/Erth      ###.....     19%         4    ####...


Dungeon Overview and Level Annotations

Branches:
Dungeon (7/15)
 Temple: D:4-7

Altars:
Ashenzari
Elyvilon
Nemelex Xobeh
Ru
Trog
Wu Jian
Xom

Annotations:
D:7 exclusion: ice statue


Innate Abilities, Weirdness & Mutations

You are resistant to torment.
Your stone body is resilient. (AC +6)
You are immune to poison.
You resist negative energy. (rN+)
You are resistant to electric shocks. (rElec)
You can survive without breathing.
You are immune to petrification.
You are immune to rotting.


Message History

You see here a hippogriff skeleton.
Magic restored.
Found a quarterstaff.
You now have 340 gold pieces (gained 21).
Marking area around the ice statue as unsafe for travelling.
An ice statue comes into view.
There is a fountain of sparkling water here.
Really walk into a travel-excluded area?
There is a fountain of sparkling water here.
The ice statue gestures at you. The freezing blast engulfs you!
You see here a quarterstaff.
B - a quarterstaff You are engulfed in freezing vapours.
The ice statue gestures.
You are engulfed in freezing vapours.
* * * LOW HITPOINT WARNING * * *
The ice statue gestures.
You are engulfed in freezing vapours.
You die...

#.#..## #.#...#
#.#.#
#.#.##########
#...⌠.....≈≈≈.
#.##........≈≈≈.
#......§§...≈8≈.
#####..§§§..≈≈≈.
#.@§§.§.≈YY.
#.....##########
#.....# #.....+
#.....# #.....#
#.....# #.....#


You could see an ice statue and an ice beast.

Vanquished Creatures
  A hippogriff (D:7)
  A water moccasin (D:6)
  An ogre (D:6)
  A centaur (D:5)
  2 big kobolds (Sewer)
  A bullfrog (D:6)
  3 scorpions
  3 crimson imps
  A centaur zombie (D:5)
  3 bullfrog skeletons
  An orc priest (D:4)
  2 hounds
  3 orc wizards
  An iguana (D:3)
  Natasha (thrice) (D:2)
  4 worker ants
  3 worker ant zombies
  8 adders
  A shadow imp (D:6)
  5 oozes (Sewer)
  2 adder zombies (D:2)
  2 adder skeletons
  9 worms
  6 leopard geckos
  19 orcs
  4 ball pythons
  2 bat skeletons (D:2)
  8 giant cockroaches
  10 goblins
  13 hobgoblins
  7 jackals
  A quokka (D:2)
  6 bats
  3 frilled lizards
  A giant cockroach zombie (D:2)
  13 kobolds
  2 leopard gecko skeletons
  6 rats
162 creatures vanquished.

Notes
Turn   | Place    | Note
-------+----------+-------------------------------------------
     0 | D:1      | Cryolive the Gargoyle Earth Elementalist began the quest
                  | for the Orb.
     0 | D:1      | Reached XP level 1. HP: 10/10 MP: 3/3
   219 | D:1      | Reached XP level 2. HP: 11/15 MP: 5/5
   252 | D:1      | Reached skill level 4 in Earth Magic
   752 | D:2      | Found a shattered altar of Ashenzari.
  1035 | D:2      | Reached XP level 3. HP: 12/19 MP: 1/7
  1508 | D:2      | Reached XP level 4. HP: 11/24 MP: 8/8
  1852 | D:2      | Reached skill level 5 in Earth Magic
  2349 | D:2      | Noticed Natasha
  2358 | D:2      | Killed Natasha
  2358 | D:2      | Reached XP level 5. HP: 20/28 MP: 5/10
  2367 | D:2      | Noticed Natasha
  2372 | D:2      | Killed Natasha
  2426 | D:2      | Learned a level 3 spell: Stone Arrow
  2432 | D:2      | Learned a level 5 spell: Lee's Rapid Deconstruction
  2647 | D:2      | Noticed Natasha
  2654 | D:2      | Killed Natasha
  2732 | D:3      | Found a white marble altar of Elyvilon.
  4049 | D:4      | Reached skill level 1 in Conjurations
  4086 | D:3      | Reached skill level 1 in Shields
  4086 | D:3      | Reached skill level 1 in Evocations
  4086 | D:3      | Reached XP level 6. HP: 32/32 MP: 2/12
  4233 | D:4      | Reached skill level 6 in Earth Magic
  4301 | D:4      | Found a glowing drain.
  4305 | Sewer    | Entered a sewer
  4368 | Sewer    | Reached XP level 7. HP: 28/36 MP: 4/13
  5395 | D:4      | Found a sacrificial altar of Ru.
  5763 | D:4      | Found a shimmering altar of Xom.
  5764 | D:4      | Found a bloodstained altar of Trog.
  5844 | D:5      | Entered Level 5 of the Dungeon
  6012 | D:5      | Reached XP level 8. HP: 13/41 MP: 15/15
  6448 | D:5      | Reached skill level 7 in Earth Magic
  6828 | D:5      | Found an ornate altar of the Wu Jian Council.
  7225 | D:6      | Reached skill level 5 in Spellcasting
  7511 | D:6      | Found a sparkling altar of Nemelex Xobeh.
  8047 | D:7      | Noticed a hippogriff
  8056 | D:7      | Killed a hippogriff
  8056 | D:7      | Reached XP level 9. HP: 37/45 MP: 0/17
  8167 | D:7      | Noticed an ice statue
  8178 | D:7      | Engulfed by an ice statue's freezing vapour

Vault maps used:
D:1:      mainiacjoe_arrival_reflecting_pool
D:2:      ashenzari_altar_1, serial_undead, serial_undead_c, serial_undead_f,
          serial_undead_a, serial_undead_d, first_ration, uniq_natasha
D:3:      elyvilon_altar_5
D:4:      gammafunk_temple_overflow_statue, gup_sewer_entry_spiral,
          nicolae_ru_great_annihilating_truth
D:5:      nicolae_overflow_hidden_temple
D:6:      kennysheep_mini_moat, hangedman_decor_diamond_cutter
D:7:      lemuel_ice_statue, minmay_temple_entry_crystal_x
Sewer:    sewer_co_15_rooms

Skill      XL: |  1  2  3  4  5  6  7  8 |
---------------+-------------------------+-----
Earth Magic    | 4 5 6 7 |  7.9
Spellcasting   | 3 4 5 |  5.5
Conjurations   | 1 2 3 4 |  4.8
Shields        | 1 2 3 4 |  4.0
Evocations     | 1 2 3 |  3.9
Dodging        | |  1.5
Stealth        | |  2.1
Transmutations | |  0.7

Action                   |  1- 3 |  4- 6 |  7- 9 || total
-------------------------+-------+-------+-------++-------
Melee: Mace              |    88 |    85 |       ||   173
       Unarmed           |     8 |       |       ||     8
       Flail             |       |   140 |   313 ||   453
 Cast: Sandblast         |    14 |    44 |    42 ||   100
       Lee's Rapid Decon |       |       |     2 ||     2
       Stone Arrow       |       |       |    18 ||    18
  Use: Scroll            |       |     6 |     3 ||     9
 Stab: Sleeping          |     2 |     2 |     2 ||     6
  Eat: Chunk             |     2 |    10 |    15 ||    27
Armor: Robe              |    56 |   132 |   173 ||   361
Dodge: Dodged            |   134 |   219 |   330 ||   683

Table legend:
 A = Non-vault XP
 B = Vault XP
 C = Vault XP percentage of total XP
 D = Non-vault monster count
 E = Vault monster count
 F = Vault count percentage of total count
                 A         B        C        D         E       F
            +---------+---------+-------+---------+---------+-------
      Total |    1999 |     409 |  17.0 |     122 |      40 |  24.7
            +---------+---------+-------+---------+---------+-------
        D:1 |      25 |       0 |   0.0 |      12 |       0 |   0.0
        D:2 |     158 |      55 |  25.8 |      29 |       8 |  21.6
        D:3 |     137 |       0 |   0.0 |      19 |       0 |   0.0
        D:4 |     277 |      62 |  18.3 |      21 |      12 |  36.4
        D:5 |     551 |       0 |   0.0 |      22 |       0 |   0.0
        D:6 |     601 |       0 |   0.0 |      18 |       0 |   0.0
        D:7 |     250 |       0 |   0.0 |       1 |       0 |   0.0
      Sewer |       0 |     292 | 100.0 |       0 |      20 | 100.0
            +---------+---------+-------+---------+---------+-------
